3L
SEATTLE AVIATORS @ CAPITAL DISTRICT RED KNIGHTS
07/12/2019
 
TOP OF THE 1ST
Seattle Aviators batting - Pitching for Capital District Red Knights : RHP Francisco Barrios
Pitching: RHP Francisco Barrios
Batting: LHB Phil Parkinson 0-0: Ball
1-0: Ball
2-0: Ball
3-0: Called Strike
3-1: SINGLE (Line Drive, 56D)
Batting: RHB José Lozano 0-0: Ball
1-0: SINGLE (Groundball, 56D)
Phil Parkinson to second
Phil Parkinson to third
Batting: RHB John MacGregor 0-0: Ball
1-0: Ball
2-0: Foul Ball, location: 2F
2-1: Fly out, F8 (Flyball, 8LD)
Runner from 3rd tags up, SCORES, no throw
Batting: LHB Michael Greene 0-0: Called Strike
0-1: Ball
1-1: Ball
2-1: Ball
3-1: Foul Ball, location: 2F
3-2: Base on Balls
José Lozano to second
Batting: RHB Kenzaburo Hori 0-0: Ball
1-0: Swinging Strike
1-1: Fly out, F8 (Flyball, 8RM)
Batting: LHB Nathan Santos 0-0: Ball
1-0: Ball
2-0: Ball
3-0: Called Strike
3-1: Base on Balls
José Lozano to third
Michael Greene to second
Batting: RHB Lawrence Bell 0-0: Fly out, F3 (Popup, 3DF)
Top of the 1st over - 1 run(s), 2 hit(s), 0 error(s), 3 left on base; Seattle 1 - Capital District 0
BOTTOM OF THE 1ST
Capital District Red Knights batting - Pitching for Seattle Aviators : RHP Chuck Steele
Pitching: RHP Chuck Steele
Batting: LHB Barton McCann 0-0: Ball
1-0: Called Strike
1-1: Fly out, F8 (Flyball, 8LM)
Batting: RHB Kyle Myers 0-0: Called Strike
0-1: DOUBLE (Flyball, 8LXD)
Batting: RHB Chang-bum Pak 0-0: Called Strike
0-1: Ball
1-1: Swinging Strike
1-2: Ball
2-2: Ground out 5-3 (Groundball, 5S)
Kyle Myers to third
Batting: LHB Dave Knight 0-0: Called Strike
0-1: Ball
1-1: Ball
2-1: Foul Ball, location: 2F
2-2: Foul Ball, location: 2F
2-2: Foul Ball, location: 2F
2-2: Strikes out swinging
Bottom of the 1st over - 0 run(s), 1 hit(s), 0 error(s), 1 left on base; Seattle 1 - Capital District 0
TOP OF THE 2ND
Seattle Aviators batting - Pitching for Capital District Red Knights : RHP Francisco Barrios
Batting: LHB Vern Forrest 0-0: SINGLE (Popup, 6D)
Batting: LHB Chuck Steele 0-0: Sac Bunt - play at first, batter OUT! 1-4
Vern Forrest to second
Batting: LHB Phil Parkinson 0-0: Ball
Vern Forrest steals 3rd base
1-0: Called Strike
1-1: Foul Ball, location: 2F
1-2: SINGLE (Groundball, 34D)
Vern Forrest scores
Batting: RHB José Lozano 0-0: Ball
1-0: SINGLE (Line Drive, 8LS)
Phil Parkinson to second
Batting: RHB John MacGregor 0-0: SINGLE (Groundball, 56D)
Phil Parkinson to third
José Lozano to second
Runner from 3rd tries for Home, SAFE, no throw or cutoff
Batting: LHB Michael Greene 0-0: Ball
1-0: Swinging Strike
1-1: Ball
2-1: Foul Ball, location: 2F
2-2: Grounds into double play, 4-6-3 (Groundball, 4)
Top of the 2nd over - 2 run(s), 4 hit(s), 0 error(s), 1 left on base; Seattle 3 - Capital District 0
BOTTOM OF THE 2ND
Capital District Red Knights batting - Pitching for Seattle Aviators : RHP Chuck Steele
Batting: RHB Jian-zhang Phan 0-0: Ground out 4-3 (Groundball, 4)
Batting: RHB David Edwards 0-0: Ground out 6-3 (Groundball, 6M)
Batting: RHB Guillermo Montoya 0-0: Called Strike
0-1: Ball
1-1: Called Strike
1-2: Ball
2-2: Fly out, F9 (Flyball, 9M)
Bottom of the 2nd over - 0 run(s), 0 hit(s), 0 error(s), 0 left on base; Seattle 3 - Capital District 0
TOP OF THE 3RD
Seattle Aviators batting - Pitching for Capital District Red Knights : RHP Francisco Barrios
Batting: RHB Kenzaburo Hori 0-0: Called Strike
0-1: Ball
1-1: Fly out, F3 (Popup, 3SF)
Batting: LHB Nathan Santos 0-0: Ball
1-0: Swinging Strike
1-1: Ball
2-1: Foul Ball, location: 2F
2-2: Foul Ball, location: 2F
2-2: Foul Ball, location: 2F
2-2: Ball
3-2: Foul Ball, location: 2F
3-2: Base on Balls
Batting: RHB Lawrence Bell 0-0: Ball
1-0: Foul Ball, location: 2F
1-1: Called Strike
1-2: Ball
2-2: DOUBLE (Line Drive, 78D)
Nathan Santos to third
Batting: LHB Vern Forrest 0-0: Intentional Walk
Batting: LHB Chuck Steele 0-0: Called Strike
0-1: Fly out, F6 (Popup, 6M)
Batting: LHB Phil Parkinson 0-0: Called Strike
0-1: Ground out U3 (Groundball, 3)
Top of the 3rd over - 0 run(s), 1 hit(s), 0 error(s), 3 left on base; Seattle 3 - Capital District 0
BOTTOM OF THE 3RD
Capital District Red Knights batting - Pitching for Seattle Aviators : RHP Chuck Steele
Batting: RHB Cullen Spencer 0-0: Ball
1-0: Ball
2-0: Ball
3-0: Base on Balls
Batting: RHB Francisco Barrios 0-0: Bunted foul
0-1: Sac Bunt - play at second, runner safe!
Batting: LHB Barton McCann 0-0: Called Strike
0-1: Ball
1-1: Grounds into double play, 4-6-3 (Groundball, 4)
Cullen Spencer to third
Batting: RHB Kyle Myers 0-0: Called Strike
0-1: Called Strike
0-2: Foul Ball, location: 2F
0-2: Ball
1-2: Fly out, F8 (Flyball, 8LD)
Bottom of the 3rd over - 0 run(s), 0 hit(s), 0 error(s), 1 left on base; Seattle 3 - Capital District 0
TOP OF THE 4TH
Seattle Aviators batting - Pitching for Capital District Red Knights : RHP Francisco Barrios
Batting: RHB José Lozano 0-0: Called Strike
0-1: Ball
1-1: Ball
2-1: Ball
3-1: Foul Ball, location: 2F
3-2: Base on Balls
Batting: RHB John MacGregor 0-0: Fly out, F7 (Flyball, 7M)
Batting: LHB Michael Greene 0-0: Grounds into double play, 3-6-1 (Groundball, 3)
Top of the 4th over - 0 run(s), 0 hit(s), 0 error(s), 0 left on base; Seattle 3 - Capital District 0
BOTTOM OF THE 4TH
Capital District Red Knights batting - Pitching for Seattle Aviators : RHP Chuck Steele
Batting: RHB Chang-bum Pak 0-0: Called Strike
0-1: SINGLE (Flyball, 78S)
Batting: LHB Dave Knight 0-0: Ball
1-0: Ball
2-0: Swinging Strike
2-1: Foul Ball, location: 2F
2-2: Foul Ball, location: 2F
2-2: Foul Ball, location: 2F
2-2: Strikes out swinging
Batting: RHB Jian-zhang Phan 0-0: Ball
1-0: Fly out, F7 (Line Drive, 78M)
Batting: RHB David Edwards 0-0: Ball
1-0: Ball
2-0: Foul Ball, location: 2F
2-1: Ball
3-1: Called Strike
3-2: Base on Balls
Chang-bum Pak to second
Batting: RHB Guillermo Montoya 0-0: Ball
1-0: Called Strike
1-1: Foul Ball, location: 2F
1-2: Ball
2-2: Strikes out looking
Bottom of the 4th over - 0 run(s), 1 hit(s), 0 error(s), 2 left on base; Seattle 3 - Capital District 0
TOP OF THE 5TH
Seattle Aviators batting - Pitching for Capital District Red Knights : RHP Francisco Barrios
Batting: RHB Kenzaburo Hori 0-0: Ground out 6-3 (Groundball, 6M)
Batting: LHB Nathan Santos 0-0: Ball
1-0: Ball
2-0: Called Strike
2-1: Foul Ball, location: 2F
2-2: Foul Ball, location: 2F
2-2: Ball
3-2: Strikes out swinging
Batting: RHB Lawrence Bell 0-0: Ball
1-0: Foul Ball, location: 2F
1-1: Fly out, F9 (Popup, 4D)
Top of the 5th over - 0 run(s), 0 hit(s), 0 error(s), 0 left on base; Seattle 3 - Capital District 0
BOTTOM OF THE 5TH
Capital District Red Knights batting - Pitching for Seattle Aviators : RHP Chuck Steele
Batting: RHB Cullen Spencer 0-0: Swinging Strike
0-1: Swinging Strike
0-2: Ball
1-2: Strikes out swinging
Batting: RHB Francisco Barrios 0-0: Ground out 4-3 (Groundball, 4)
Batting: LHB Barton McCann 0-0: Called Strike
0-1: Called Strike
0-2: Ball
1-2: Foul Ball, location: 2F
1-2: Fly out, F9 (Flyball, 9M)
Bottom of the 5th over - 0 run(s), 0 hit(s), 0 error(s), 0 left on base; Seattle 3 - Capital District 0
TOP OF THE 6TH
Seattle Aviators batting - Pitching for Capital District Red Knights : RHP Francisco Barrios
Batting: LHB Vern Forrest 0-0: Ball
1-0: SINGLE (Groundball, 4M)
Batting: LHB Chuck Steele 0-0: Ball
Vern Forrest is caught stealing 2nd base
1-0: Ball
2-0: Ball
3-0: Base on Balls
Batting: LHB Phil Parkinson 0-0: Ball
1-0: Fly out, F8 (Flyball, 8LS)
Batting: RHB José Lozano 0-0: Foul Ball, location: 2F
0-1: Ball
1-1: Called Strike
1-2: Ball
2-2: Ball
3-2: Base on Balls
Chuck Steele to second
Batting: RHB John MacGregor 0-0: Ball
1-0: Called Strike
1-1: Foul Ball, location: 2F
1-2: Ball
2-2: Foul Ball, location: 2F
2-2: Ball
3-2: Strikes out swinging
Top of the 6th over - 0 run(s), 1 hit(s), 0 error(s), 2 left on base; Seattle 3 - Capital District 0
BOTTOM OF THE 6TH
Capital District Red Knights batting - Pitching for Seattle Aviators : RHP Chuck Steele
Batting: RHB Kyle Myers 0-0: Ball
1-0: Ball
2-0: Ground out 4-3 (Groundball, 4)
Pitching: RHP Alf Näsbom
Batting: RHB Chang-bum Pak 0-0: Called Strike
0-1: Ball
1-1: Foul Ball, location: 2F
1-2: Fly out, F8 (Line Drive, 8LM)
Batting: LHB Dave Knight 0-0: Ball
1-0: Foul Ball, location: 2F
1-1: Ground out 4-3 (Groundball, 34)
Bottom of the 6th over - 0 run(s), 0 hit(s), 0 error(s), 0 left on base; Seattle 3 - Capital District 0
TOP OF THE 7TH
Seattle Aviators batting - Pitching for Capital District Red Knights : RHP Francisco Barrios
Batting: LHB Michael Greene 0-0: Ball
1-0: Ball
2-0: Ball
3-0: Called Strike
3-1: Base on Balls
Pitching: RHP Roberto Pérez
Batting: RHB Kenzaburo Hori 0-0: Swinging Strike
0-1: Called Strike
0-2: SINGLE (Line Drive, 6D)
Michael Greene to second
Batting: LHB Nathan Santos 0-0: Called Strike
0-1: Sac Bunt - play at first, batter OUT! 1-3
Michael Greene to third
Kenzaburo Hori to second
Batting: RHB Lawrence Bell 0-0: Ball
1-0: Ball
2-0: Swinging Strike
2-1: Foul Ball, location: 2F
2-2: Foul Ball, location: 2F
2-2: Strikes out swinging
Batting: LHB Vern Forrest 0-0: Called Strike
0-1: Ball
1-1: Swinging Strike
1-2: Ball
2-2: DOUBLE (Line Drive, 9LS)
Michael Greene scores
Kenzaburo Hori scores
Pinch Hitting: RHB Vernon Caw 0-0: Swinging Strike
0-1: Ball
1-1: Called Strike
1-2: Ball
2-2: Foul Ball, location: 2F
2-2: Ball
3-2: SINGLE (Groundball, 4MD)
Vern Forrest to third
Vern Forrest scores
Pitching: LHP Tony Schneider
Batting: LHB Phil Parkinson 0-0: Ball
1-0: Foul Ball, location: 2F
1-1: Ball
2-1: Ball
3-1: Called Strike
3-2: Foul Ball, location: 2F
3-2: Base on Balls
Vernon Caw to second
Batting: RHB José Lozano 0-0: Called Strike
0-1: Ball
1-1: Hit by Pitch
Vernon Caw to third
Phil Parkinson to second
Batting: RHB John MacGregor 0-0: Ball
1-0: Ball
2-0: Ball
3-0: Called Strike
3-1: Base on Balls
Vernon Caw scores
Phil Parkinson to third
José Lozano to second
Batting: LHB Michael Greene Balk!
Phil Parkinson scores
José Lozano to third
John MacGregor to second
0-0: Ball
1-0: Ball
2-0: Called Strike
2-1: Foul Ball, location: 2F
2-2: Strikes out swinging
Top of the 7th over - 5 run(s), 3 hit(s), 0 error(s), 2 left on base; Seattle 8 - Capital District 0
BOTTOM OF THE 7TH
Capital District Red Knights batting - Pitching for Seattle Aviators : RHP Alf Näsbom
Pitching: RHP Pete Poirot
Batting: RHB Jian-zhang Phan 0-0: Called Strike
0-1: Swinging Strike
0-2: Fly out, F8 (Flyball, 8LD)
Batting: RHB David Edwards 0-0: Ball
1-0: Foul Ball, location: 2F
1-1: Called Strike
1-2: Fly out, F8 (Flyball, 8LS)
Batting: RHB Guillermo Montoya 0-0: Ball
1-0: Ball
2-0: Ball
3-0: Called Strike
3-1: Called Strike
3-2: SINGLE (Groundball, 34D)
Batting: RHB Cullen Spencer 0-0: Called Strike
Guillermo Montoya steals 2nd base
0-1: Swinging Strike
0-2: Ball
1-2: Ball
2-2: Foul Ball, location: 2F
2-2: Ball
3-2: Base on Balls
Pinch Hitting: RHB Billy Farley 0-0: Ball
1-0: SINGLE (Line Drive, 78M)
Guillermo Montoya to third
Cullen Spencer to second
Runner from 3rd tries for Home, SAFE, no throw or cutoff
Batting: LHB Barton McCann 0-0: Foul Ball, location: 2F
0-1: Swinging Strike
0-2: Foul Ball, location: 2F
0-2: Ball
1-2: Ball
2-2: Foul Ball, location: 2F
2-2: Foul Ball, location: 2F
2-2: Ground out 2-3 (Groundball, 2L)
Bottom of the 7th over - 1 run(s), 2 hit(s), 0 error(s), 2 left on base; Seattle 8 - Capital District 1
TOP OF THE 8TH
Seattle Aviators batting - Pitching for Capital District Red Knights : LHP Tony Schneider
Pitching: LHP José Acevedo
Batting: RHB Kenzaburo Hori 0-0: Ball
1-0: Ball
2-0: Ball
3-0: Called Strike
3-1: Ground out 6-3 (Groundball, 6)
Batting: LHB Nathan Santos 0-0: Foul Ball, location: 2F
0-1: Ball
1-1: Ball
2-1: Fly out, F8 (Flyball, 8LS)
Batting: RHB Lawrence Bell 0-0: Called Strike
0-1: SINGLE (Groundball, 56D)
Batting: LHB Vern Forrest 0-0: Ball
1-0: Foul Ball, location: 2F
1-1: Ball
2-1: Swinging Strike
2-2: Foul Ball, location: 2F
2-2: Ball
3-2: SINGLE (Flyball, 7S)
Lawrence Bell to second
Lawrence Bell to third
Pinch Hitting: LHB Denny Young 0-0: Ball
1-0: Fly out, F9 (Line Drive, 9M)
Top of the 8th over - 0 run(s), 2 hit(s), 0 error(s), 2 left on base; Seattle 8 - Capital District 1
BOTTOM OF THE 8TH
Capital District Red Knights batting - Pitching for Seattle Aviators : RHP Pete Poirot
Pitching: RHP Carlos Trevino
Batting: RHB Kyle Myers 0-0: Called Strike
0-1: Ball
1-1: Swinging Strike
1-2: Strikes out swinging
Batting: RHB Chang-bum Pak 0-0: Called Strike
0-1: Swinging Strike
0-2: Ball
1-2: Ball
2-2: Ball
3-2: Foul Ball, location: 2F
3-2: Base on Balls
Batting: LHB Dave Knight 0-0: Ball
1-0: Grounds into double play, 4-6-3 (Groundball, 4)
Bottom of the 8th over - 0 run(s), 0 hit(s), 0 error(s), 0 left on base; Seattle 8 - Capital District 1
TOP OF THE 9TH
Seattle Aviators batting - Pitching for Capital District Red Knights : LHP José Acevedo
Pitching: RHP Armando Martínez
Batting: LHB Phil Parkinson 0-0: Ball
1-0: Swinging Strike
1-1: Foul Ball, location: 2F
1-2: Ball
2-2: Ball
3-2: Strikes out swinging
Batting: RHB José Lozano 0-0: Swinging Strike
0-1: Foul Ball, location: 2F
0-2: Foul Ball, location: 2F
0-2: Strikes out swinging
Batting: RHB John MacGregor 0-0: Called Strike
0-1: Foul Ball, location: 2F
0-2: Ball
1-2: Foul Ball, location: 2F
1-2: Fly out, F7 (Flyball, 7D)
Top of the 9th over - 0 run(s), 0 hit(s), 0 error(s), 0 left on base; Seattle 8 - Capital District 1
BOTTOM OF THE 9TH
Capital District Red Knights batting - Pitching for Seattle Aviators : RHP Carlos Trevino
Batting: RHB Jian-zhang Phan 0-0: Ball
1-0: Ground out 6-3 (Groundball, 6M)
Batting: RHB David Edwards 0-0: Ball
1-0: SINGLE (Line Drive, 8RS)
Batting: RHB Guillermo Montoya 0-0: Called Strike
0-1: Fly out, F9 (Flyball, 89S)
Batting: RHB Cullen Spencer 0-0: Ball
1-0: Foul Ball, location: 2F
1-1: Called Strike
1-2: Foul Ball, location: 2F
1-2: SINGLE (Flyball, 8LM)
David Edwards to second
Pinch Hitting: RHB Ricardo Romo 0-0: Foul Ball, location: 2F
0-1: Called Strike
0-2: Ball
1-2: Strikes out swinging
Bottom of the 9th over - 0 run(s), 2 hit(s), 0 error(s), 2 left on base; Seattle 8 - Capital District 1
This league is powered by Out of the Park Baseball, the baseball management simulation game for PC, Mac and Linux
Saturday, July 25th, 2015 - OOTP Baseball 15.6 Build 34